 Dungeon Crawl Stone Soup version 0.31-a0-1321-g5021b54 (webtiles) character file.

Game seed: 14180083400026291140

123 Meow the Conjurer (level 5, 42/42 HPs)
             Began as a Naga Conjurer on Dec 20, 2023.
             Quit the game on level 2 of the Dungeon.
             The game lasted 00:02:32 (976 turns).

Meow the Conjurer (Naga Conjurer)                    Turns: 976, Time: 00:02:33

Health: 42/42      AC:  3    Str:  9    XL:     5   Next: 7%
Magic:  3/10       EV:  9    Int: 20    God:
Gold:   51         SH:  0    Dex: 10    Spells: 8/11 levels left

rFire   . . .        a - +0 sling
rCold   . . .        (no shield)
rNeg    . . .        d - +0 robe
rPois   +            (no helmet)
rElec   .            c - +0 cloak
rCorr   .            (no gloves)
SInv    +            (no barding)
Will    .....        (no amulet)
Stlth   ++           (no ring)
HPRegen 0.27/turn    (no ring)
MPRegen 0.12/turn

%: no passive effects
@: short of breath, very slow
A: AC +1, large, see invisible, deformed body, poison resistance, slowness 2,
spit poison 1, naga tail 1
a: Spit Poison


You were on level 2 of the Dungeon.
You visited 1 branch of the dungeon, and saw 2 of its levels.

You collected 51 gold pieces.

Inventory:

Hand Weapons
 a - a +0 sling (weapon)
 b - a +0 hand axe
Missiles
 i - 7 stones
Armour
 c - a +0 cloak (worn)
 d - a +0 robe (worn)
Scrolls
 j - a scroll of vulnerability {unknown}
Potions
 e - a potion of magic
 f - a potion of might {unknown}
 g - 2 potions of mutation {unknown}
 h - a potion of curing {unknown}


   Skills:
 - Level 1.5 Dodging
 - Level 3.0 Stealth
 + Level 3.5 Spellcasting
 + Level 5.2 Conjurations


You had 8 spell levels left.
You knew the following spells:

 Your Spells              Type           Power      Damage    Failure   Level
a - Magic Dart            Conj           96%        1d7       1%          1
b - Searing Ray           Conj           48%        2d6       2%          2

Your spell library contained the following spells:

 Spells                   Type           Power      Damage    Failure   Level
 Blink                    Tloc           6%         N/A       21%         2
 Call Imp                 Summ           6%         N/A       21%         2
 Fulminant Prism          Conj/Alch      7%         3d7       41%         4
 Iskenderun's Mystic Bla  Conj/Tloc      14%        2d5       41%         4


Dungeon Overview and Level Annotations

Branches:
Dungeon (2/15)

Altars:


Innate Abilities, Weirdness & Mutations

Your serpentine skin is tough. (AC +1)
You have supernaturally acute eyesight. (SInv)
Armour fits poorly on your strangely shaped body.
Your system is resistant to poisons. (rPois)
You cover ground very slowly.
You can spit poison.
You have a snake-like lower body.


Message History

Fire: a) +0 sling
Press: ? - help, Q - select action, (/) - cycle Shift-Dir - straight line, f - frilled lizard
Aim: a frilled lizard (asleep, 98% to hit)
You shoot a sling bullet.
The sling bullet hits the frilled lizard.
You kill the frilled lizard!
i - 7 stones (gained 1)
You open the door.
There is an open door here.
You now have 30 gold pieces (gained 8).
Found a club.
j - a scroll labelled TIMISS VEXEYKE You now have 39 gold pieces (gained 9).
You now have 51 gold pieces (gained 12).
An ogre comes into view. It is wielding a +0 giant club.
The ogre shouts!
Aiming: Spit Poison (2% risk of failure)
Press: ? - help, Shift-Dir - straight line, f - ogre
Aim: an ogre, wielding a +0 giant club (81% to hit)
The splash of poison hits the ogre!
The ogre is poisoned.
The ogre is moderately wounded.
Unknown command.
Casting: Searing Ray (safe; 3% risk of failure)
Confirm with . or Enter, or press ? or * to list all spells.
Aiming: Searing Ray (safe; 3% risk of failure)
Press: ? - help, Shift-Dir - straight line, f/p - ogre
Aim: an ogre, wielding a +0 giant club (moderately wounded, poisoned, 89% to hit)
The searing ray hits the ogre.
The ogre is heavily wounded. (Press . to maintain the ray.)
The searing ray hits the ogre.
The ogre is severely wounded.
The searing ray hits the ogre!
You kill the ogre!
Your Spellcasting skill increases to level 3!
Your Conjurations skill increases to level 5!
You have reached level 4!
You feel agile.
You have reached level 5!
Are you sure you want to abandon this character and quit the game? (Confirm with "yes".)

### ..# #.# #.#
#.## ...#
##############
...#
#.....@.).....
...#
#.############
...# #.# #'## #.#
########### #.#
#.# #.........#
#.# #.#
#.........# #.#
#.# #.........#
..#
##.#####.........#
########
#................#


There were no monsters in sight!

Vanquished Creatures
  An ogre (D:2)
  A worm (D:2)
  A dart slug (D:1)
  7 endoplasms (D:1)
  2 giant cockroaches (D:1)
  4 goblins (D:1)
  A hobgoblin (D:1)
  2 kobolds (D:1)
  6 ball pythons
  3 bats
  A frilled lizard (D:2)
  A rat (D:1)
30 creatures vanquished.

Notes
Turn   | Place    | Note
-------+----------+-------------------------------------------
     0 | D:1      | Meow the Naga Conjurer began the quest for the Orb.
     0 | D:1      | Reached XP level 1. HP: 15/15 MP: 3/3
   175 | D:1      | Reached XP level 2. HP: 22/22 MP: 5/5
   178 | D:1      | Learned a level 2 spell: Searing Ray
   543 | D:1      | Reached XP level 3. HP: 28/28 MP: 3/6
   971 | D:2      | Noticed an ogre
   975 | D:2      | Killed an ogre
   976 | D:2      | Reached skill level 5 in Conjurations
   976 | D:2      | Reached XP level 4. HP: 36/36 MP: 3/9
   976 | D:2      | Reached XP level 5. HP: 42/42 MP: 3/10
   976 | D:2      | Quit the game

Illustrated notes

Levels and vault maps discovered:
D:1:      saegor_arrival_simple_d, layout_basic
D:2:      layout_basic, serial_shops, nicolae_shop_tiny_real_fake_doors

Skill      XL: |  1  2  3 |
---------------+----------+-----
Spellcasting   | 3 |  3.5
Conjurations   | 5 |  5.2
Dodging        | |  1.5
Stealth        | |  3.0

Action                     |  1- 3 |  4- 6 || total
---------------------------+-------+-------++-------
   Fire: Sling             |    20 |       ||    20
   Cast: Magic Dart        |    15 |       ||    15
         Searing Ray       |     4 |       ||     4
Ability: Spit Poison       |    16 |       ||    16
 Armour: Robe              |     4 |       ||     4
  Dodge: Dodged            |     1 |       ||     1

Table legend: (Time is in decaauts)
 A = Elapsed time spent in this place.
 B = Non-inter-level travel time spent in this place.
 C = Inter-level travel time spent in this place.
 D = Time resting spent in this place.
 E = Time spent auto-exploring this place.
 F = Levels seen in this place.
 G = Mean time per level.
                   A        B        C        D        E       F      G
               +--------+--------+--------+--------+--------+-----+--------+
         Total |   1212 |   1200 |     12 |    306 |    726 |   2 |  606.0 |
       Dungeon |   1212 |   1200 |     12 |    306 |    726 |   2 |  606.0 |
               +--------+--------+--------+--------+--------+-----+--------+

Top non-repeatable levels by time:
     D:1: 987 daAuts
     D:2: 224 daAuts
